 Dungeon Crawl Stone Soup version 0.30-a0-1016-gfb0d676c02 (webtiles) character file.

Game seed: 3604929053177458805

403 cheesebisquit the Cleaver (level 6, 0/52 HPs)
             Began as a Hill Orc Fighter on Apr 6, 2023.
             Was an Initiate of Makhleb.
             Slain by an orc warrior
             ... wielding a +0 glaive
              (7 damage)
             ... on level 6 of the Dungeon.
             The game lasted 00:12:37 (4696 turns).

cheesebisquit the Cleaver (Hill Orc Fighter)        Turns: 4696, Time: 00:12:38

Health: 0/52       AC: 12    Str: 21    XL:     6   Next: 86%
Magic:  6/6        EV:  5    Int:  8    God:    Makhleb [......]
Gold:   276        SH:  4    Dex: 10    Spells: 5/5 levels left

rFire   . . .      SeeInvis .    a - +0 war axe
rCold   + . .      Faith    .    c - +0 buckler
rNeg    . . .      Spirit   .    j - +0 plate armour
rPois   +          Reflect  .    (no helmet)
rElec   .          Rampage  .    (no cloak)
rCorr   .                        (no gloves)
Will    .....                    g - +0 pair of boots Stlth
                                 (no amulet)
HPRegen 0.28/turn                r - ring of protection from cold
MPRegen 0.10/turn                w - ring of poison resistance

@: mighty
A: no striking features
a: Renounce Religion, Convert to Beogh


You were on level 6 of the Dungeon.
You worshipped Makhleb.
Makhleb was noncommittal.
You visited 2 branches of the dungeon, and saw 7 of its levels.

You collected 276 gold pieces.

Inventory:

Hand Weapons
 a - a +0 war axe (weapon)
 n - a +0 flail
Missiles
 e - 3 poisoned darts (quivered)
Armour
 c - a +0 buckler (worn)
 g - a +0 pair of boots (worn)
 j - a +0 plate armour (worn)
Jewellery
 r - a ring of protection from cold (left hand)
 w - a ring of poison resistance (right hand)
Wands
 k - a wand of polymorph (13)
 o - a wand of flame (22)
Scrolls
 h - a scroll of enchant armour {unknown}
 i - 3 scrolls of amnesia
 l - a scroll of blinking {unknown}
 m - a scroll of butterflies {unknown}
 p - a scroll of magic mapping
 q - a scroll of noise {unknown}
 s - a scroll of torment {unknown}
 v - a scroll of teleportation {unknown}
Potions
 b - a potion of cancellation
 f - 4 potions of curing
 t - a potion of brilliance
 u - 3 potions of resistance


   Skills:
 - Level 3.9 Fighting
 + Level 9.1 Axes
 - Level 3.5 Armour
 - Level 3.2 Shields


You had 5 spell levels left.
You didn't know any spells.
Your spell library contained the following spells:

 Spells                   Type           Power      Damage    Failure   Level
 Cigotuvi's Dreadful Rot  Necr/Pois/Air  0%         N/A       100%        2
 Dispel Undead            Necr           0%         3d6       100%        4
 Death Channel            Necr           0%         N/A       100%        6


Dungeon Overview and Level Annotations

Branches:
Dungeon (6/15)             Temple (1/1) D:5

Altars:
Ashenzari
Cheibriados
Dithmenos
Elyvilon
Fedhas
Gozag
Hepliaklqana
Kikubaaqudgha
Makhleb
Nemelex Xobeh
Okawaru
Qazlal
Ru
Sif Muna
Trog
Uskayaw
Vehumet
Wu Jian
Xom
Yredelemnul
Zin
The Shining One

Shops:
D:1 :   D:2 [   D:3 =

Annotations:
D:4 1 runed translucent door, jimonade's ghost, amateur NaWr


Message History

Pain shoots through your body! The orc warrior barely misses you.
The orc warrior hits you from afar with a +0 glaive!
The orc priest calls down the wrath of Beogh upon you.
Pain shoots through your body!
You slash the orc priest!
You kill the orc priest!
Makhleb accepts your kill. The orc warrior barely misses you.
Your Axes skill increases to level 9!
The orc warrior hits you with a +0 glaive.
An orc priest comes into view. It is wielding a +0 hand axe.
Items here: ))) [ ††††.
You barely miss the orc warrior.
The orc warrior hits you but does no damage.
You feel very mighty all of a sudden.
The orc warrior hits you with a +0 glaive!
* * * LOW HITPOINT WARNING * * *
You feel much better. The orc warrior closely misses you.
You slash the orc warrior!
The orc warrior is moderately wounded.
The orc warrior hits you with a +0 glaive.
You barely miss the orc warrior.
The orc warrior is moderately wounded.
The orc warrior hits you with a +0 glaive!
The orc priest looks encouraged for a moment.
You hit the orc warrior but do no damage.
The orc warrior is moderately wounded.
The orc warrior hits you with a +0 glaive!
The orc priest shouts, "Join the one true god or die!"
You slash the orc warrior!
The orc warrior is severely wounded.
The orc warrior barely misses you.
You closely miss the orc warrior.
The orc warrior is severely wounded.
The orc warrior hits you with a +0 glaive!
* * * LOW HITPOINT WARNING * * *
You closely miss the orc warrior.
The orc warrior is severely wounded.
The orc warrior hits you with a +0 glaive!
You die...

**,*#.# *,* * *,*#.# *,****
**,*#.# *,*,,, ,>,*#.#
*#######**,*,**
****#.#############..?....,,,*,*
* #.#.........(......#******,*
#####.#.###.....o(..#..#******,*
.....<..# #..###o#........,,**,*
#####...#*#..# #@##.#..###*,**,*
###......#*#.#*.o....,,,,,,*
###..#.....#*##..##.,,,,,*
#..#.#.#.#*,,oo..,,,,,,*
#..#.#.#.#*,*,.##,,,,,**
#..#..,...,,,,,.,,,,,,*
*,,*##,...,,,,,**,*,*,***
*,,,,,,...,,*****,,,,,,,,
**,***##...,,,,,,,*,*,***


You could see an orc warrior and an orc priest.

Vanquished Creatures
  An ogre (D:5)
  2 orc priests
  2 hounds
  2 orc wizards
  An iguana (D:6)
  2 adders (D:2)
  An ufetubus (D:5)
  3 worms
  A dart slug (D:5)
  15 orcs
  3 ball pythons
  4 endoplasms
  3 giant cockroaches
  4 goblins
  7 hobgoblins
  10 jackals
  2 quokkas
  10 bats
  4 frilled lizards
  4 kobolds
  4 rats
85 creatures vanquished.

Notes
Turn   | Place    | Note
-------+----------+-------------------------------------------
     0 | D:1      | cheesebisquit the Hill Orc Fighter began the quest for the
                  | Orb.
     0 | D:1      | Reached XP level 1. HP: 19/19 MP: 1/1
   357 | D:1      | Reached skill level 3 in Axes
   357 | D:1      | Reached XP level 2. HP: 27/27 MP: 2/2
   371 | D:1      | Found a faded altar of an unknown god.
   500 | D:1      | Found Qaetubb's Book Shop.
   990 | D:2      | Found Jiaplogh's Armour Shoppe.
  1338 | D:2      | Reached skill level 4 in Axes
  1338 | D:2      | Reached XP level 3. HP: 26/33 MP: 3/3
  1699 | D:2      | Reached skill level 5 in Axes
  1702 | D:2      | Reached XP level 4. HP: 40/40 MP: 4/4
  1911 | D:3      | Found Soab's Jewellery Shoppe.
  2159 | D:3      | Reached skill level 6 in Axes
  2310 | D:3      | Reached XP level 5. HP: 46/46 MP: 5/5
  3286 | D:4      | Found a runed translucent door.
  3287 | D:4      | Noticed jimonade's ghost (amateur NaWr)
  3321 | D:5      | Entered Level 5 of the Dungeon
  3337 | D:5      | Reached skill level 7 in Axes
  3404 | D:5      | Reached XP level 6. HP: 44/52 MP: 6/6
  3521 | D:5      | Reached skill level 8 in Axes
  3731 | D:5      | Found a staircase to the Ecumenical Temple.
  3763 | D:5      | Found a sacrificial altar of Ru.
  3763 | D:5      | Found a bloodstained altar of Trog.
  3831 | Temple   | Entered the Ecumenical Temple
  4154 | Temple   | Became a worshipper of Makhleb the Destroyer
  4674 | D:6      | Noticed an orc warrior
  4687 | D:6      | Reached skill level 9 in Axes
  4696 | D:6      | Slain by an orc warrior

Illustrated notes

Levels and vault maps discovered:
D:1:      onia_arrival_mini_spirals, layout_loops_corners, serial_shops, shop,
          hellmonk_ecumenical_altar_run_dry, due_unseen_surprise
D:2:      minmay_diamond_boxcup, layout_loops_corners, serial_shops,
          nicolae_diamond_shop, corexii_leaking_fountain
D:3:      layout_basic, serial_shops, shop
D:4:      layout_rooms, ebering_ghost_inner_flame
D:5:      layout_rooms, nicolae_overflow_two_pavilions,
          minmay_temple_entry_proselytizer, lemuel_flamethrower_2
D:6:      layout_loops_ring, serial_shops, nicolae_shop_advertising_works
          [nicolae_subvault_shop_adworks], nicolae_ossuary_entry_monument
Temple:   mainiacjoe_temple_cubbyholes

Skill      XL: |  1  2  3  4  5  6 |
---------------+-------------------+-----
Axes           | 3 4 5 6 7 9 |  9.1
Fighting       | |  3.9
Armour         | |  3.5
Shields        | |  3.2

Action                     |  1- 3 |  4- 6 || total
---------------------------+-------+-------++-------
  Melee: War axe           |   102 |   166 ||   268
  Throw: Dart              |       |    19 ||    19
    Use: Scroll            |       |     7 ||     7
         Potion            |       |     4 ||     4
 Armour: Chain mail        |    73 |       ||    73
         Plate armour      |     2 |    96 ||    98
  Dodge: Dodged            |    43 |    37 ||    80
  Block: Buckler           |    25 |    26 ||    51

Table legend: (Time is in decaauts)
 A = Elapsed time spent in this place.
 B = Non-inter-level travel time spent in this place.
 C = Inter-level travel time spent in this place.
 D = Time resting spent in this place.
 E = Time spent auto-exploring this place.
 F = Levels seen in this place.
 G = Mean time per level.
                   A        B        C        D        E       F      G
               +--------+--------+--------+--------+--------+-----+--------+
         Total |   4769 |   4486 |    283 |    165 |   3539 |   7 |  681.3 |
       Dungeon |   4415 |   4194 |    221 |    165 |   3252 |   6 |  735.8 |
        Temple |    353 |    291 |     62 |      0 |    287 |   1 |  353.0 |
               +--------+--------+--------+--------+--------+-----+--------+

Top non-repeatable levels by time:
     D:2: 1044 daAuts
     D:5: 967 daAuts
     D:3: 927 daAuts
     D:1: 894 daAuts
     D:4: 536 daAuts
  Temple: 353 daAuts
     D:6: 45 daAuts
